 Dungeon Crawl Stone Soup version 0.22-a0-42-g002c468 (webtiles) character file.

17686 taran the Martial Artist (level 12, -5/92 HPs)
             Began as a Gnoll Transmuter on Jan 5, 2018.
             Was the Champion of Okawaru.
             Slain by a two-headed ogre
             ... wielding a +0 giant club of flaming
              (15 damage)
             ... in a volcano.
             The game lasted 01:50:33 (13086 turns).

taran the Martial Artist (Gnoll Transmuter)        Turns: 13086, Time: 01:50:34

Health: -5/92      AC:  6    Str: 23    XL:     12   Next: 50%
Magic:  0/24       EV: 25    Int: 16    God:    Okawaru [******]
Gold:   578        SH:  0    Dex: 24    Spells: 14/28 levels left

rFire    . . .     SeeInvis .     - Unarmed
rCold    . . .     Gourm    .   (shield currently unavailable)
rNeg     + . .     Faith    .   H - +1 robe {rN+}
rPois    .         Spirit   +   o - +0 hat
rElec    .         Reflect  .   O - +0 cloak
rCorr    .         Harm     .   (gloves currently unavailable)
MR       .....                  h - +0 pair of boots
Stlth    +++++.....             s - amulet of guardian spirit
HPRegen  0.25/turn              l - +4 ring of strength
MPRegen  0.19/turn              L - ring of wizardry

@: mighty, agile, blade hands (expiring), hasted, very quick
A: distributed training, fangs 1, strong nose
a: End Transformation, Heroism, Finesse, Renounce Religion


You were in a volcano.
You worshipped Okawaru.
Okawaru was exalted by your worship.
You were hungry.
You had blades for hands.
You visited 3 branches of the dungeon, and saw 13 of its levels.
You also visited: Volcano.

You collected 578 gold pieces.

Inventory:

Hand Weapons
 b - a +2 shortbow of flaming (melded)
Missiles
 a - 107 arrows
 f - 3 needles of sleeping
 t - 102 bolts
 F - 10 tomahawks (quivered)
 K - a throwing net
Armour
 h - a +0 pair of boots (worn)
 o - a +0 hat (worn)
 H - a +1 robe of positive energy (worn)
 I - a +3 ring mail
 O - a +0 cloak (worn)
 Q - a +0 pair of gloves (melded)
Magical Staves
 M - an uncursed staff of air
Jewellery
 l - a +4 ring of strength (left scythe-like blade)
 s - an amulet of guardian spirit (around neck)
 x - an uncursed amulet of rage
 L - a ring of wizardry (right scythe-like blade)
Wands
 i - a wand of polymorph (31)
 A - a wand of random effects (34)
 D - a wand of flame (50)
 N - a wand of disintegration (13)
 R - a wand of iceblast (2)
Scrolls
 g - 4 scrolls of blinking
 k - 5 scrolls of remove curse
 n - 5 scrolls of enchant weapon
 r - 2 scrolls of fear
 v - a scroll of enchant armour {unknown}
 w - 3 scrolls of immolation
 y - 3 scrolls of fog
 z - 2 scrolls of teleportation
 C - a scroll of amnesia {unknown}
 E - a scroll of magic mapping {unknown}
 S - a scroll of vulnerability {unknown}
Potions
 p - 2 potions of resistance
 u - 2 potions of haste
 B - a potion of cancellation
 G - a potion of brilliance
 P - a potion of invisibility {unknown}
 T - 2 potions of curing
 U - a potion of degeneration {unknown}
 V - a potion of lignification
 W - a potion of heal wounds {unknown}
 Y - a potion of ambrosia {unknown}
Books
 c - a book of Changes

   Spells                             Type                      Level
   a - Beastly Appendage              Transmutation                1
   b - Sticks to Snakes               Transmutation                2
   c - Spider Form                    Transmutation/Poison         3
   d - Ice Form                       Ice/Transmutation            4
   e - Blade Hands                    Transmutation                5
 e - a book of Cantrips

   Spells                             Type                      Level
   a - Confusing Touch                Hexes                        1
   b - Animate Skeleton               Necromancy                   1
   c - Summon Small Mammal            Summoning                    1
   d - Apportation                    Translocation                1
 j - a book of the Sky

   Spells                             Type                      Level
   a - Summon Lightning Spire         Summoning/Air                4
   b - Silence                        Hexes/Air                    5
   c - Deflect Missiles               Charms/Air                   6
   d - Conjure Ball Lightning         Conjuration/Air              6
   e - Tornado                        Air                          9
Miscellaneous
 X - a lamp of fire
Comestibles
 d - 31 rations


   Skills:
 + Level 7.7 Fighting
 + Level 7.2 Short Blades
 + Level 7.2 Long Blades
 + Level 7.2 Axes
 + Level 7.2 Maces & Flails
 + Level 7.2 Polearms
 + Level 7.2 Staves
 + Level 7.2 Slings
 + Level 7.2 Bows
 + Level 7.2 Crossbows
 + Level 7.2 Throwing
 + Level 7.2 Armour
 + Level 8.6 Dodging
 + Level 7.2 Stealth
 + Level 7.2 Shields
 + Level 9.8 Unarmed Combat
 + Level 8.9 Spellcasting
 + Level 6.0 Conjurations
 + Level 6.0 Hexes
 + Level 6.0 Charms
 + Level 6.0 Summonings
 + Level 6.0 Necromancy
 + Level 6.0 Translocations
 + Level 7.2 Transmutations
 + Level 6.0 Fire Magic
 + Level 6.0 Ice Magic
 + Level 6.0 Air Magic
 + Level 6.0 Earth Magic
 + Level 6.0 Poison Magic
 + Level 7.9 Invocations
 + Level 7.2 Evocations


You had 14 spell levels left.
You knew the following spells:

 Your Spells              Type           Power        Failure   Level  Hunger
a - Spider Form           Tmut/Pois      ####......   9%          3    #......
b - Confusing Touch       Hex            ####..       6%          1    None
c - Ice Form              Ice/Tmut       ####....     16%         4    ###....
d - Blade Hands           Tmut           ####......   26%         5    #####..
z - Beastly Appendage     Tmut           ####..       4%          1    None


Dungeon Overview and Level Annotations

Branches:
Dungeon (9/15)             Temple (1/1) D:4            Lair (3/6) D:9
  Swamp: Lair:2-4    Shoals: Lair:2-4     Snake: Lair:2-4    Spider: Lair:2-4
    Orc: D:9-12

Altars:
Ashenzari
Cheibriados
Dithmenos
Elyvilon
Fedhas
Gozag
Hepliaklqana
Kikubaaqudgha
Makhleb
Nemelex Xobeh
Okawaru
Qazlal
Ru
Sif Muna
Trog
Uskayaw
Vehumet
Wu Jian
Xom
Yredelemnul
Zin
The Shining One


Innate Abilities, Weirdness & Mutations

Your experience applies equally to all skills.
You have very sharp teeth.
Your uncanny sense of smell can sniff out nearby items.


Message History

The two-headed ogre barely misses you.
You hit the two-headed ogre but do no damage.
You bite the two-headed ogre, but do no damage.
The two-headed ogre seems less confused.
The two-headed ogre misses you.
The two-headed ogre hits you with a giant club of flaming!!
* * * LOW MAGIC WARNING * * *;
* * * LOW HITPOINT WARNING * * *
The two-headed ogre burns you.
* * * LOW HITPOINT WARNING * * *
You take 19 damage, and have 9/92 hp.
MASSIVE DAMAGE!!
You now have 2/24 mp.
You hit the two-headed ogre but do no damage.
The two-headed ogre appears confused.
The two-headed ogre is lightly wounded.
Your transformation is almost over.
You slice the two-headed ogre!! You bite the two-headed ogre.
The two-headed ogre is heavily wounded.
The two-headed ogre misses you.
The two-headed ogre hits you with a giant club of flaming!!
* * * LOW MAGIC WARNING * * *
You die...

## ##.### # #
###..#.### ∩#.
#..∩.([O@# ($.
###..OO##
#.######..## #
#......###..#
..###.............
#....∩∩...##.....
##.#...O###∆∆)).#
#...O# O## #.#....
#


You could see 3 two-headed ogres.

Vanquished Creatures
  A hydra (Lair:1)
  Erica (D:8)
  3 two-headed ogres
  A cyclops (D:7)
  7 spiny frogs
  2 komodo dragons (Lair:2)
  A queen bee (Lair:1)
  5 hippogriffs
  A wyvern (D:8)
  9 yaks
  2 basilisks
  Menkaure (D:7)
  7 water moccasins
  10 porcupines
  2 orc warriors
  2 phantoms
  2 sky beasts (D:9)
  A necrophage (D:7)
  6 black bears
  2 ice beasts
  10 wolves
  4 ogres
  2 centaurs
  9 crocodiles
  8 bullfrogs
  2 scorpions
  34 killer bees
  4 howler monkeys
  2 crimson imps
  2 bullfrog zombies
  6 hounds
  4 orc priests
  Crazy Yiuf (D:2)
  5 jellies
  3 centaur skeletons
  Terence (D:2)
  6 iguanas
  12 orc wizards
  12 worker ants
  A hound zombie (D:9)
  2 hound skeletons
  7 adders
  8 gnolls
  2 shadow imps
  3 oozes
  A worm (D:6)
  3 dart slugs
  11 leopard geckos
  30 orcs
  3 ball pythons
  4 giant cockroaches
  5 goblins
  5 hobgoblins
  3 jackals (D:4)
  3 kobolds
  5 quokkas
  6 bats
  4 frilled lizards
  A quokka skeleton (D:8)
  4 rats
304 creatures vanquished.

Vanquished Creatures (others)
  2 bushes (D:9)
  12 fungi
  15 plants
29 creatures vanquished.

Grand Total: 333 creatures vanquished

Notes
Turn   | Place    | Note
-------+----------+-------------------------------------------
     0 | D:1      | taran the Gnoll Transmuter began the quest for the Orb.
     0 | D:1      | Reached XP level 1. HP: 17/17 MP: 6/6
   111 | D:1      | Reached XP level 2. HP: 21/23 MP: 7/7
   307 | D:1      | Reached XP level 3. HP: 28/28 MP: 9/9
   377 | D:1      | Learned a level 3 spell: Spider Form
   410 | D:1      | Reached skill level 5 in Spellcasting
   678 | D:1      | Reached skill level 1 in Invocations
   784 | D:2      | Reached skill level 1 in Short Blades
   784 | D:2      | Reached skill level 1 in Long Blades
   784 | D:2      | Reached skill level 1 in Axes
   784 | D:2      | Reached skill level 1 in Maces & Flails
   784 | D:2      | Reached skill level 1 in Polearms
   784 | D:2      | Reached skill level 1 in Staves
   784 | D:2      | Reached skill level 1 in Slings
   784 | D:2      | Reached skill level 1 in Bows
   784 | D:2      | Reached skill level 1 in Crossbows
   784 | D:2      | Reached skill level 1 in Throwing
   784 | D:2      | Reached skill level 1 in Armour
   784 | D:2      | Reached skill level 1 in Stealth
   784 | D:2      | Reached skill level 1 in Shields
   784 | D:2      | Reached skill level 1 in Evocations
   805 | D:2      | Reached XP level 4. HP: 30/34 MP: 2/11
   973 | D:2      | Noticed Terence
   981 | D:2      | Killed Terence
   981 | D:2      | Reached skill level 1 in Conjurations
   981 | D:2      | Reached skill level 1 in Hexes
   981 | D:2      | Reached skill level 1 in Charms
   981 | D:2      | Reached skill level 1 in Summonings
   981 | D:2      | Reached skill level 1 in Necromancy
   981 | D:2      | Reached skill level 1 in Translocations
   981 | D:2      | Reached skill level 1 in Fire Magic
   981 | D:2      | Reached skill level 1 in Ice Magic
   981 | D:2      | Reached skill level 1 in Air Magic
   981 | D:2      | Reached skill level 1 in Earth Magic
   981 | D:2      | Reached skill level 1 in Poison Magic
  1103 | D:2      | Found a shimmering altar of Xom.
  1145 | D:2      | Found a shattered altar of Ashenzari.
  1337 | D:2      | Found a runed door.
  1341 | D:2      | Noticed Crazy Yiuf
  1349 | D:2      | Killed Crazy Yiuf
  1349 | D:2      | Reached XP level 5. HP: 40/40 MP: 8/12
  1639 | D:3      | Noticed a centaur
  1656 | D:3      | Killed a centaur
  1656 | D:3      | Reached XP level 6. HP: 46/47 MP: 9/13
  1917 | D:3      | Learned a level 4 spell: Ice Form
  1923 | D:3      | Learned a level 5 spell: Blade Hands
  1974 | D:4      | Found an opulent altar of Gozag.
  1974 | D:4      | Found a glowing silver altar of Zin.
  1999 | D:4      | Found a shadowy altar of Dithmenos.
  2017 | D:4      | Found a staircase to the Ecumenical Temple.
  2025 | Temple   | Entered the Ecumenical Temple
  2052 | Temple   | Became a worshipper of Warmaster Okawaru
  2164 | D:4      | Learned a level 1 spell: Confusing Touch
  2213 | D:4      | Reached skill level 5 in Dodging
  2449 | D:4      | Reached XP level 7. HP: 52/52 MP: 15/15
  2616 | D:4      | Reached * piety under Okawaru
  2616 | D:4      | Reached skill level 7 in Unarmed Combat
  2899 | D:4      | Found a hazy altar of Hepliaklqana.
  2899 | D:4      | Found a bloodstained altar of Trog.
  3086 | D:5      | Entered Level 5 of the Dungeon
  3300 | D:5      | Reached XP level 8. HP: 33/60 MP: 14/16
  3606 | D:5      | Reached ** piety under Okawaru
  4069 | D:5      | Found a blossoming altar of Fedhas.
  4180 | D:5      | Found a radiant altar of Vehumet.
  4937 | D:6      | Reached XP level 9. HP: 66/66 MP: 18/18
  5029 | D:6      | Reached skill level 5 in Transmutations
  5031 | D:6      | Reached *** piety under Okawaru
  5070 | D:6      | HP: 2/66 [orc warrior/long sword (17)]
  5840 | D:6      | Found a bloodstained altar of Trog.
  5853 | D:6      | Reached skill level 5 in Fighting
  6224 | D:7      | Noticed a cyclops
  6265 | D:7      | Killed a cyclops
  6265 | D:7      | Reached **** piety under Okawaru
  6265 | D:7      | Reached skill level 8 in Unarmed Combat
  6265 | D:7      | Reached skill level 5 in Invocations
  6377 | D:7      | Received a gift from Okawaru
  6390 | D:7      | Reached XP level 10. HP: 74/74 MP: 20/20
  6425 | D:7      | Found a burning altar of Makhleb.
  6476 | D:7      | Noticed Menkaure
  6479 | D:7      | Killed Menkaure
  6927 | D:8      | Noticed Erica
  6957 | D:8      | Killed Erica
  6957 | D:8      | Reached skill level 5 in Short Blades
  6957 | D:8      | Reached skill level 5 in Long Blades
  6957 | D:8      | Reached skill level 5 in Axes
  6957 | D:8      | Reached skill level 5 in Maces & Flails
  6957 | D:8      | Reached skill level 5 in Polearms
  6957 | D:8      | Reached skill level 5 in Staves
  6957 | D:8      | Reached skill level 5 in Slings
  6957 | D:8      | Reached skill level 5 in Bows
  6957 | D:8      | Reached skill level 5 in Crossbows
  6957 | D:8      | Reached skill level 5 in Throwing
  6957 | D:8      | Reached skill level 5 in Armour
  6957 | D:8      | Reached skill level 5 in Stealth
  6957 | D:8      | Reached skill level 5 in Shields
  6957 | D:8      | Reached skill level 5 in Evocations
  7967 | D:9      | Reached ***** piety under Okawaru
  8057 | D:9      | Noticed a two-headed ogre
  8346 | D:9      | Noticed a two-headed ogre
  8363 | D:9      | Killed a two-headed ogre
  8363 | D:9      | Reached XP level 11. HP: 62/83 MP: 14/22
  8390 | D:9      | Killed a two-headed ogre
  8416 | D:9      | Received a gift from Okawaru
  8470 | D:9      | Reached skill level 9 in Unarmed Combat
  8538 | D:9      | Found a staircase to the Lair.
  8766 | D:9      | Reached skill level 5 in Conjurations
  8766 | D:9      | Reached skill level 5 in Hexes
  8766 | D:9      | Reached skill level 5 in Charms
  8766 | D:9      | Reached skill level 5 in Summonings
  8766 | D:9      | Reached skill level 5 in Necromancy
  8766 | D:9      | Reached skill level 5 in Translocations
  8766 | D:9      | Reached skill level 5 in Fire Magic
  8766 | D:9      | Reached skill level 5 in Ice Magic
  8766 | D:9      | Reached skill level 5 in Air Magic
  8766 | D:9      | Reached skill level 5 in Earth Magic
  8766 | D:9      | Reached skill level 5 in Poison Magic
  9212 | D:9      | Found an ornate altar of the Wu Jian Council.
  9370 | Lair:1   | Entered Level 1 of the Lair of Beasts
  9426 | Lair:1   | HP: 6/124 [poisoned by a spiny frog]
  9433 | Lair:1   | HP: 6/124 [poisoned by a spiny frog]
 10500 | Lair:1   | Noticed a seven-headed hydra
 10516 | Lair:1   | Killed a seven-headed hydra
 10628 | Lair:1   | Reached ****** piety under Okawaru
 11081 | Lair:1   | Received a gift from Okawaru
 11131 | Lair:1   | Reached XP level 12. HP: 91/91 MP: 18/24
 12319 | Lair:2   | Received a gift from Okawaru
 12374 | Lair:2   | Found a hide-covered altar of Uskayaw.
 12822 | Lair:3   | Found a radiant altar of Vehumet.
 13001 | Lair:3   | Found a dark tunnel.
 13055 | Volcano  | Entered a volcano
 13056 | Volcano  | Noticed a two-headed ogre
 13058 | Volcano  | Noticed a two-headed ogre
 13058 | Volcano  | Noticed a two-headed ogre
 13060 | Volcano  | Noticed a two-headed ogre
 13061 | Volcano  | Noticed a two-headed ogre
 13075 | Volcano  | Killed a two-headed ogre
 13086 | Volcano  | Slain by a two-headed ogre

Vault maps used:
D:1:      dpeg_arrival_simpleton_a
D:2:      nicolae_ashenzari_panopticon, nicolae_overflow_hidden_temple,
          uniq_crazy_yiuf_cottage, uniq_terence
D:3:      first_ration
D:4:      grunt_temple_overflow_gold_and_silver, lemuel_doored_altar,
          gammafunk_temple_overflow_wave, minmay_temple_entry_mist,
          interstate_on_off
D:5:      kennysheep_six_static_rooms, fedhas_altar_2,
          lemuel_coloured_pillars_altar, st_stairs_8
D:6:      trog_ov_bears_minmay
D:7:      makhleb_blood_cavern_becter, uniq_menkaure
D:8:      uniq_erica
D:9:      overflow_temple_1_default, minmay_lair_entry_grove
Temple:   hc_temple_tempest_star
Lair:1:   special_room
Lair:2:   basic_altar
Lair:3:   spider_nest_entry_a, enter_volcano_1, basic_altar,
          nicolae_lair_grove_arrangements, lemuel_fruit_fields,
          grunt_megastairs_3
Volcano:  volcano_caves

Skill      XL: |  1  2  3  4  5  6  7  8  9 10 11 12 |
---------------+-------------------------------------+-----
Spellcasting   | 5 6 7 8 |  8.9
Invocations    | 1 2 3 4 5 6 7 |  7.9
Short Blades   | 1 2 3 4 5 6 7 |  7.2
Long Blades    | 1 2 3 4 5 6 7 |  7.2
Axes           | 1 2 3 4 5 6 7 |  7.2
Maces & Flails | 1 2 3 4 5 6 7 |  7.2
Polearms       | 1 2 3 4 5 6 7 |  7.2
Staves         | 1 2 3 4 5 6 7 |  7.2
Slings         | 1 2 3 4 5 6 7 |  7.2
Bows           | 1 2 3 4 5 6 7 |  7.2
Crossbows      | 1 2 3 4 5 6 7 |  7.2
Throwing       | 1 2 3 4 5 6 7 |  7.2
Armour         | 1 2 3 4 5 6 7 |  7.2
Stealth        | 1 2 3 4 5 6 7 |  7.2
Shields        | 1 2 3 4 5 6 7 |  7.2
Evocations     | 1 2 3 4 5 6 7 |  7.2
Conjurations   | 1 2 3 4 5 6 |  6.0
Hexes          | 1 2 3 4 5 6 |  6.0
Charms         | 1 2 3 4 5 6 |  6.0
Summonings     | 1 2 3 4 5 6 |  6.0
Necromancy     | 1 2 3 4 5 6 |  6.0
Translocations | 1 2 3 4 5 6 |  6.0
Fire Magic     | 1 2 3 4 5 6 |  6.0
Ice Magic      | 1 2 3 4 5 6 |  6.0
Air Magic      | 1 2 3 4 5 6 |  6.0
Earth Magic    | 1 2 3 4 5 6 |  6.0
Poison Magic   | 1 2 3 4 5 6 |  6.0
Fighting       | 3 4 5 6 7 |  7.7
Transmutations | 4 5 6 7 |  7.2
Dodging        | 5 6 7 8 |  8.6
Unarmed Combat | 7 8 9 |  9.8

Action                   |  1- 3 |  4- 6 |  7- 9 | 10-12 || total
-------------------------+-------+-------+-------+-------++-------
Melee: Unarmed           |    32 |    51 |   227 |   501 ||   811
       Bite              |     2 |     3 |    29 |    65 ||    99
       Punch             |     1 |     1 |     6 |    16 ||    24
 Fire: Hunting sling     |    53 |    34 |       |       ||    87
       Shortbow          |       |    30 |   229 |   245 ||   504
       Arbalest          |       |       |       |     3 ||     3
Throw: Stone             |    20 |       |       |       ||    20
       Tomahawk          |       |       |       |     1 ||     1
 Cast: Beastly Appendage |     1 |       |       |       ||     1
       Spider Form       |     1 |     3 |     6 |    20 ||    30
       Confusing Touch   |       |     3 |    48 |    83 ||   134
       Ice Form          |       |       |       |     8 ||     8
       Blade Hands       |       |       |       |     1 ||     1
Invok: Heroism           |       |       |     5 |     4 ||     9
Evoke: Wand              |       |       |     1 |       ||     1
  Use: Potion            |       |       |     5 |     4 ||     9
       Scroll            |       |       |     9 |    10 ||    19
 Stab: Confused          |       |     3 |     7 |    35 ||    45
       Sleeping          |       |       |     1 |     3 ||     4
       Fleeing           |       |       |     1 |       ||     1
  Eat: Chunk             |       |     5 |    13 |    15 ||    33
       Ration            |       |       |       |     2 ||     2
Armor: Robe              |     1 |     4 |    11 |    48 ||    64
       Leather armour    |       |       |    20 |       ||    20
       Skin              |       |       |     3 |    12 ||    15
Dodge: Dodged            |    24 |    35 |   175 |   462 ||   696

Table legend:
 A = Spawn XP
 B = Non-spawn XP
 C = Spawn XP percentage of total XP
 D = Spawn monster count
 E = Non-spawn monster count
 F = Spawn count percentage of total count
 G = Total turns spent on level
                    A         B        C        D         E        F      G
               +---------+---------+-------+---------+---------+-------+---------
         Total |       0 |   25266 |   0.0 |       0 |     304 |   0.0 | 13086
               +---------+---------+-------+---------+---------+-------+---------
           D:1 |       0 |      63 |   0.0 |       0 |      23 |   0.0 |   756
           D:2 |       0 |     122 |   0.0 |       0 |      13 |   0.0 |   657
           D:3 |       0 |     181 |   0.0 |       0 |      17 |   0.0 |   525
           D:4 |       0 |     634 |   0.0 |       0 |      23 |   0.0 |  1040
           D:5 |       0 |     786 |   0.0 |       0 |      24 |   0.0 |  1260
           D:6 |       0 |    1553 |   0.0 |       0 |      33 |   0.0 |  1557
           D:7 |       0 |    1872 |   0.0 |       0 |      36 |   0.0 |  1012
           D:8 |       0 |    1990 |   0.0 |       0 |      15 |   0.0 |  1047
           D:9 |       0 |    4767 |   0.0 |       0 |      45 |   0.0 |  1410
        Lair:1 |       0 |    7121 |   0.0 |       0 |      50 |   0.0 |  2317
        Lair:2 |       0 |    3435 |   0.0 |       0 |      14 |   0.0 |   910
        Lair:3 |       0 |    1854 |   0.0 |       0 |      10 |   0.0 |   456
       Volcano |       0 |     888 |   0.0 |       0 |       1 |   0.0 |    31
               +---------+---------+-------+---------+---------+-------+---------
